 Dungeon Crawl Stone Soup version 0.32-a0-913-g739538afd8 (webtiles) character file.

Game seed: 10274056804027641734

1437 ezpacito the Chopper (level 8, -3/62 HPs)
             Began as a Coglin Chaos Knight on Apr 9, 2024.
             Was a Plaything of Xom.
             Succumbed to a kobold brigand's curare-tipped dart
             ... on level 6 of the Dungeon.
             The game lasted 00:07:43 (4203 turns).

ezpacito the Chopper (Coglin Chaos Knight)          Turns: 4203, Time: 00:07:43

Health: -3/62      AC: 16    Str: 15    XL:     8   Next: 74%
Magic:  11/11      EV:  7    Int: 17    God:    Xom [...*..]
Gold:   299        SH:  0    Dex: 14    Spells: 11/11 levels left

rFire   . . .        a - +0 hand axe (chaos) {Eadburga}
rCold   . . .        o - +0 war axe {Yongsun}
rNeg    . . .        s - +4 chain mail of Ocai {Int+6}
rPois   .            b - +0 helmet
rElec   .            (no cloak)
rCorr   .            (no gloves)
SInv    .            d - +1 pair of boots
Will    .....        (amulet unavailable) Stlth
                     (ring unavailable)
HPRegen 0.30/turn    (ring unavailable)
MPRegen 0.12/turn    (no gizmo)

%: no passive effects
@: lethally poisoned (-3 -> -28), slowed, revving, very slow
A: off-hand wielding, slow wielding, warmup strikes, no jewellery
a: Invent Gizmo, Renounce Religion


You were on level 6 of the Dungeon.
You worshipped Xom.
You were a favourite toy of Xom.
You visited 2 branches of the dungeon, and saw 7 of its levels.

You collected 299 gold pieces.

Inventory:

Hand Weapons
 a - a +0 hand axe of chaos (weapon) {Eadburga}
 e - a +0 spear
 o - a +0 war axe (offhand) {Yongsun}
Missiles
 f - 6 javelins (quivered)
 l - 3 poisoned darts
 n - 3 boomerangs
 q - a throwing net
 w - a curare-tipped dart
Armour
 b - a +0 helmet (worn)
 d - a +1 pair of boots (worn)
 g - a +0 cloak
 h - a +2 scale mail of willpower
 s - the +4 chain mail of Ocai (worn) {Int+6}
   (You found it on level 3 of the Dungeon)

   Int+6:     It affects your intelligence (+6).
 v - a +0 hat
Talismans
 r - a flux talisman
Wands
 i - a wand of iceblast (10)
Scrolls
 c - a scroll of fear {unknown}
 j - a scroll of acquirement
 k - a scroll of poison {unknown}
 m - 3 scrolls of vulnerability
 p - a scroll of torment {unknown}
 t - 2 scrolls of teleportation
 u - a scroll of revelation {unknown}
 x - a scroll of summoning {unknown}


   Skills:
 * Level 5.2 Fighting
 * Level 5.2(5.9) Axes
 * Level 3.6(4.8) Polearms
 * Level 4.0 Armour
 * Level 3.7 Dodging
 + Level 2.4 Stealth
 + Level 2.2 Spellcasting
 + Level 1.1 Evocations


You had 11 spell levels left.
You didn't know any spells.
Your spell library contained the following spells:

 Spells                   Type           Power      Damage    Failure   Level
 Sandblast                Erth           2%         2d4       94%         1
 Fugue of the Fallen      Necr           1%         N/A       100%        3
 Hailstorm                Conj/Ice       1%         3d5       100%        3
 Ozocubu's Armour         Ice            1%         N/A       100%        3
 Stone Arrow              Conj/Erth      2%         3d7       100%        3
 Summon Ice Beast         Ice/Summ       1%         N/A       100%        3
 Tukima's Dance           Hex            1%         N/A       100%        3
 Animate Armour           Summ/Erth      2%         N/A       100%        4
 Brom's Barrelling Bould  Conj/Erth      1%         2d3       100%        4
 Dimensional Bullseye     Hex/Tloc       0%         N/A       100%        4
 Iskenderun's Mystic Bla Conj/Tloc 1%             2d3        (+2d1     100%        4
 Permafrost Eruption      Ice/Erth       0%         2x4d1     100%        6
 Sculpt Simulacrum        Ice/Alch       0%         N/A       100%        6
 Manifold Assault         Tloc           0%         N/A       100%        7
 Lehudib's Crystal Spear  Conj/Erth      0%         10d2      100%        8


Dungeon Overview and Level Annotations

Branches:
Dungeon (6/15)             Temple (1/1) D:6

Altars:
Ashenzari
Cheibriados
Elyvilon
Fedhas
Gozag
Hepliaklqana
Kikubaaqudgha
Makhleb
Okawaru
Qazlal
Ru
Sif Muna
Trog
Uskayaw
Vehumet
Wu Jian
Xom
Yredelemnul
Zin
The Shining One

Shops:
D:4 *


Innate Abilities, Weirdness & Mutations

You can wield a second weapon in your off-hand.
It takes a long time for you to wield or remove held weapons.
Your first few attacks do less damage.
You cannot equip rings or amulets.


Message History

The bullfrog closely misses you.
You completely miss the bullfrog with your +0 hand axe of chaos.
The bullfrog is heavily wounded.
You slash the bullfrog with your +0 war axe!
You kill the bullfrog!
The kobold throws a stone.
The stone hits you but does no damage.
A kobold brigand comes into view.
It is wielding a +0 whip and quivering curare-tipped darts.
The kobold brigand throws a curare-tipped dart.
The curare-tipped dart hits you.
You are poisoned.
You have difficulty breathing.
You feel yourself slow down.
Your gnoll bouda gazes fiercely through the kobold!
The kobold looks weaker.
You take 6 damage, and have 30/62 hp. 2 kobolds come into view.
You feel sick.
The kobold shouts! x2
Your gnoll bouda no longer looks unusually strong.
The kobold brigand throws a curare-tipped dart.
The curare-tipped dart hits you.
You are more poisoned.
You have difficulty breathing.
You feel as though you will be slow longer.
The kobold brigand throws a curare-tipped dart.
The curare-tipped dart hits you.
You are lethally poisoned!
You have difficulty breathing.
* * * LOW HITPOINT WARNING * * *
You feel as though you will be slow longer.
The kobold throws a stone.
The stone barely misses you. 2 kobolds come into view.
Found a stone staircase leading down.
* * * LOW HITPOINT WARNING * * *
You feel extremely sick.
The kobold shouts! x2
Your quasit bites the kobold.
Your quasit claws the kobold.
The kobold dies!
You take 26 damage, and have 4/62 hp.
MASSIVE DAMAGE!!
You die...
Xom cackles wildly!

#........#.....# #..#......
#........#..............##.
#........#.....######## #.
#.........###### ....
#......##.##### #...
####.#.##.....### .....
#.#.#)g......## ..##..
#.#.$.5........ .# #..
#.....)@$...[.. #####..
#..#..........# .#......
.......K......## .......#
....KK........# #.....#
..............# #.....
.....KK...!..# #.....
.....>.......# #.[...
####.........# ######


You could see a kobold brigand, 4 kobolds, a friendly gnoll bouda and a friendly
quasit (summoned).

Vanquished Creatures
  A hornet (D:5)
  A steam dragon (D:6)
  Duvessa (D:5)
  A kobold brigand (D:4)
  Blork the orc (D:5)
  A bullfrog (D:6)
  2 scorpions
  Dowan (D:5)
  A jelly (D:6)
  2 hounds
  A gnoll bouda (D:6)
  2 sleepcaps (D:5)
  Natasha (twice) (D:3)
  Terence (D:3)
  2 orc wizards (D:5)
  Robin (D:3)
  7 gnolls
  6 adders
  A shadow imp (D:6)
  6 ufetubi
  3 dart slugs
  2 ribbon worms (D:2)
  8 orcs
  5 ball pythons
  4 bats
  7 endoplasms
  3 giant cockroaches (D:3)
  10 goblins
  9 hobgoblins
  6 jackals
  5 kobolds
  3 quokkas
  3 frilled lizards
  5 rats
114 creatures vanquished.

Vanquished Creatures (collateral kills)
  A scorpion (D:4)
  A gnoll (D:6)
  A kobold (D:6)
3 creatures vanquished.

Vanquished Creatures (others)
  A white imp (D:6)
1 creature vanquished.

Grand Total: 118 creatures vanquished

Notes
Turn   | Place    | Note
-------+----------+-------------------------------------------
     0 | D:1      | ezpacito the Coglin Chaos Knight began the quest for the
                  | Orb.
     0 | D:1      | Reached XP level 1. HP: 18/18 MP: 1/1
    33 | D:1      | Reached skill level 1 in Dodging
   120 | D:1      | Reached XP level 2. HP: 24/24 MP: 2/2
   369 | D:1      | Reached XP level 3. HP: 26/29 MP: 3/3
   798 | D:2      | XOM: 5-stop teleportation journey
   971 | D:2      | XOM: silly message
  1036 | D:2      | Reached skill level 1 in Polearms
  1123 | D:2      | XOM: silly message
  1367 | D:3      | XOM: potion effect (might)
  1370 | D:3      | Reached XP level 4. HP: 35/35 MP: 4/4
  1402 | D:3      | Noticed Terence
  1408 | D:3      | Killed Terence
  1488 | D:3      | XOM: noise
  1495 | D:3      | Reached XP level 5. HP: 38/41 MP: 6/6
  1521 | D:3      | Identified the +4 chain mail of Ocai {Int+6}
  1543 | D:3      | Noticed Robin
  1559 | D:3      | Reached skill level 1 in Stealth
  1563 | D:3      | Killed Robin
  1569 | D:3      | XOM: noise
  1694 | D:3      | Noticed Natasha
  1699 | D:3      | Killed Natasha
  1700 | D:3      | Reached skill level 1 in Spellcasting
  1901 | D:3      | Noticed Natasha
  1910 | D:3      | Killed Natasha
  2313 | D:4      | Reached XP level 6. HP: 48/48 MP: 7/7
  2409 | D:4      | XOM: cast spell 'Summon Ice Beast'
  2559 | D:4      | Found Degu's Overcharged Wands.
  2567 | D:4      | Reached XP level 7. HP: 48/54 MP: 7/9
  2578 | D:4      | XOM: 1-stop teleportation journey
  2932 | D:5      | Entered Level 5 of the Dungeon
  2947 | D:5      | Noticed a hornet
  2948 | D:5      | Paralysed by a hornet for 2 turns
  2949 | D:5      | XOM: summons friendly quasit
  2960 | D:5      | Paralysed by a hornet for 3 turns
  2974 | D:5      | Found a hide-covered altar of Uskayaw.
  2974 | D:5      | Found a snail-covered altar of Cheibriados.
  2974 | D:5      | Found a broken altar of Ashenzari.
  2974 | D:5      | Found an iron altar of Okawaru.
  3029 | D:5      | Noticed Duvessa
  3034 | D:5      | XOM: potion effect (heal wounds)
  3036 | D:5      | Killed Duvessa
  3041 | D:5      | XOM: confuse monster(s)
  3046 | D:5      | Noticed Dowan
  3050 | D:5      | XOM: confuse monster(s)
  3055 | D:5      | Killed Dowan
  3114 | D:5      | XOM: divination: detect creatures
  3248 | D:5      | Found a blossoming altar of Fedhas.
  3250 | D:5      | Found a stormy altar of Qazlal.
  3251 | D:5      | XOM: enchant monster (good)
  3254 | D:5      | Killed a hornet
  3255 | D:5      | Reached XP level 8. HP: 61/61 MP: 9/11
  3258 | D:5      | XOM: 2-stop teleportation journey
  3335 | D:5      | Found a burning altar of Makhleb.
  3336 | D:5      | Found an ornate altar of the Wu Jian Council.
  3342 | D:5      | Found a radiant altar of Vehumet.
  3343 | D:5      | Found a glowing golden altar of the Shining One.
  3346 | D:5      | Noticed Blork the orc
  3347 | D:5      | XOM: confusion
  3352 | D:5      | XOM: 10-stop teleportation journey
  3638 | D:5      | Identified a scroll of acquirement
  3758 | D:5      | Killed Blork the orc
  3822 | D:6      | XOM: summons friendly quasit
  3831 | D:6      | Reached skill level 5 in Fighting
  3831 | D:6      | Reached skill level 5 in Axes
  3947 | D:6      | Found a shimmering altar of Xom.
  3960 | D:6      | XOM: smoke on damage
  4035 | D:6      | Found a staircase to the Ecumenical Temple.
  4057 | Temple   | Entered the Ecumenical Temple
  4064 | D:6      | XOM: summons friendly white imp
  4071 | D:6      | XOM: polymorph white imp -> ufetubus
  4087 | D:6      | XOM: polymorph ufetubus -> quasit
  4176 | D:6      | Reached skill level 1 in Evocations
  4203 | D:6      | Succumbed to a kobold brigand's curare-tipped dart

Illustrated notes

Levels and vault maps discovered:
D:1:      eino_arrival_druids_welcome, layout_basic
D:2:      layout_basic, hangedman_decor_growths, minmay_misc_feat_room
D:3:      layout_rooms, uniq_robin, uniq_natasha, uniq_terence
D:4:      layout_basic, minmay_misc_feat_square, nicolae_shop_overcharged_wands
D:5:      layout_loops_cross, grunt_temple_overflow_forces_of_nature,
          nicolae_overflow_hallway_of_the_gods,
          hangedman_abyss_or_decor_lesser_grid, uniq_blork_the_orc, uniq_duvessa
D:6:      layout_rooms, mainiacjoe_overflow_six_doors_small, temple_green
Temple:   jpeg_temple_island

Skill      XL: |  1  2  3  4  5  6  7  8 |
---------------+-------------------------+-----
Dodging        | 1 2 3 |  3.7
Armour         | 2 3 4 |  4.0
Polearms       | 1 2 3 |  3.6
Stealth        | 1 2 |  2.4
Spellcasting   | 1 2 |  2.2
Fighting       | 4 5 |  5.2
Axes           | 4 5 |  5.2
Evocations     | 1 |  1.1

Action                     |  1- 3 |  4- 6 |  7- 9 || total
---------------------------+-------+-------+-------++-------
  Melee: Dagger            |    17 |       |       ||    17
         Hand axe          |    53 |    68 |    94 ||   215
         War axe           |    39 |    71 |    96 ||   206
         Unarmed           |       |     4 |       ||     4
    Use: Scroll            |       |     2 |     6 ||     8
         Potion            |       |       |     9 ||     9
   Stab: Sleeping          |     3 |       |       ||     3
         Held in net/web   |     1 |       |       ||     1
         Paralysed         |       |       |     6 ||     6
         Confused          |       |       |     3 ||     3
         Distracted        |       |       |     2 ||     2
 Armour: Leather armour    |    39 |     8 |       ||    47
         Scale mail        |       |    20 |       ||    20
         Chain mail        |       |    35 |   130 ||   165
         Skin              |       |     7 |       ||     7
  Dodge: Dodged            |    40 |    47 |    49 ||   136

Table legend: (Time is in decaauts)
 A = Elapsed time spent in this place.
 B = Non-inter-level travel time spent in this place.
 C = Inter-level travel time spent in this place.
 D = Time resting spent in this place.
 E = Time spent auto-exploring this place.
 F = Levels seen in this place.
 G = Mean time per level.
                   A        B        C        D        E       F      G
               +--------+--------+--------+--------+--------+-----+--------+
         Total |   4256 |   4095 |    161 |      0 |   2755 |   7 |  608.0 |
       Dungeon |   4254 |   4094 |    160 |      0 |   2755 |   6 |  709.0 |
        Temple |      1 |      1 |      0 |      0 |      0 |   1 |    1.0 |
               +--------+--------+--------+--------+--------+-----+--------+

Top non-repeatable levels by time:
     D:3: 945 daAuts
     D:5: 885 daAuts
     D:1: 712 daAuts
     D:4: 671 daAuts
     D:2: 633 daAuts
     D:6: 406 daAuts
  Temple: 1 daAuts
